 Dungeon Crawl Stone Soup version 0.31-a0-1144-g99969ba1bc (webtiles) character file.

Game seed: 16414624505790959160

14 lucasj the Poker (level 2, -2/24 HPs)
             Began as a Human Berserker on Dec 6, 2023.
             Was a Follower of Trog.
             Killed from afar by a dart slug (5 damage)
             ... with a slug dart
             ... on level 1 of the Dungeon.
             The game lasted 00:05:26 (341 turns).

lucasj the Poker (Human Berserker)                   Turns: 341, Time: 00:05:26

Health: -2/24      AC:  2    Str: 17    XL:     2   Next: 60%
Magic:  2/2        EV: 12    Int:  7    God:    Trog [*.....]
Gold:   12         SH:  0    Dex: 12    Spells: 1/1 levels left

rFire   . . .        d - +2 whip (elec)
rCold   . . .        (no shield)
rNeg    . . .        b - +0 animal skin
rPois   .            (no helmet)
rElec   .            (no cloak)
rCorr   .            (no gloves)
SInv    .            (no boots)
Will    .....        (no amulet)
Stlth   +            (no ring)
HPRegen 0.24/turn    (no ring)
MPRegen 0.08/turn

%: no passive effects
@: no status effects
A: no striking features
a: Renounce Religion, Berserk


You were on level 1 of the Dungeon.
You worshipped Trog.
Trog was aware of your devotion.
You visited 1 branch of the dungeon, and saw 1 of its levels.

You collected 12 gold pieces.

Inventory:

Hand Weapons
 a - a +0 spear
 d - a +2 whip of electrocution (weapon)
 e - a +0 hand axe
Armour
 b - a +0 animal skin (worn)
Jewellery
 f - a +4 ring of protection
Scrolls
 c - a scroll of blinking {unknown}


   Skills:
 + Level 3.1 Fighting
 + Level 3.2 Polearms
 + Level 2.2 Armour
 + Level 2.2 Dodging


You had one spell level left.
You didn't know any spells.
Your spell library was empty.

Dungeon Overview and Level Annotations

Branches:
Dungeon (1/15)

Altars:


Message History

The jackal misses you. The jackal closely misses you. The jackal bites you.
The jackal stops to sniff the ground.
The jackal misses you.
You barely miss the jackal.
The jackal is lightly wounded.
The jackal bites you. x3
The endoplasm quivers.
You hit the jackal.
You kill the jackal!
Trog accepts your kill. The jackal completely misses you.
The endoplasm hits you. The jackal bites you.
You closely miss the jackal. The jackal barely misses you.
The jackal closely misses you. The endoplasm freezes you.
You are frozen.
The jackal bites you.
You hit the jackal but do no damage. The jackal closely misses you.
The jackal bites you.
* * * LOW HITPOINT WARNING * * *
The endoplasm closely misses you. The jackal barely misses you.
You hit the jackal.
The jackal is severely wounded.
The jackal bites you.
* * * LOW HITPOINT WARNING * * *
The jackal barely misses you. The endoplasm barely misses you.
The jackal bites you.
* * * LOW HITPOINT WARNING * * *
The jackal misses you.
You whack the jackal!
You kill the jackal!
Trog accepts your kill.
The endoplasm hits you but does no damage.
The jackal bites you but does no damage.
The dart slug launches a dart at you. The slug dart misses you.
The jackal attacks as it pursues you! The jackal misses you.
Things that are here:
a jackal corpse; a jackal corpse The dart slug launches a dart at you.
The slug dart hits you.
You die...

####### #.....#
#.##.##..###
###.### #.##.##..#
#.# #.##.##..# ..#
#.#..##..# ..##
#.#.###..# ##.
#.#.# #..# #. #.#.#
#..#
##.#######.#.###..#
......w@hJ!.......#
###.######.#.##...#
#.#.##....#
#.#.##....#
..#.#####.# ###.#
.# #.# .# ..# .#


You could see a dart slug, an endoplasm and a jackal.

Vanquished Creatures
  2 ball pythons (D:1)
  An endoplasm (D:1)
  2 giant cockroaches (D:1)
  A goblin (D:1)
  3 jackals (D:1)
  A kobold (D:1)
  2 frilled lizards (D:1)
12 creatures vanquished.

Notes
Turn   | Place    | Note
-------+----------+-------------------------------------------
     0 | D:1      | lucasj the Human Berserker began the quest for the Orb.
     0 | D:1      | Reached XP level 1. HP: 18/18 MP: 1/1
   151 | D:1      | Reached XP level 2. HP: 24/24 MP: 2/2
   341 | D:1      | Killed from afar by a dart slug

Illustrated notes

Levels and vault maps discovered:
D:1:      dpeg_arrival_arbitrary_c, layout_loops_ring

Action                     || total
---------------------------++-------
  Melee: Whip              ||    38
 Armour: Animal skin       ||    45
  Dodge: Dodged            ||    51

Table legend: (Time is in decaauts)
 A = Elapsed time spent in this place.
 B = Non-inter-level travel time spent in this place.
 C = Inter-level travel time spent in this place.
 D = Time resting spent in this place.
 E = Time spent auto-exploring this place.
 F = Levels seen in this place.
 G = Mean time per level.
                   A        B        C        D        E       F      G
               +--------+--------+--------+--------+--------+-----+--------+
         Total |    341 |    341 |      0 |      0 |     14 |   1 |  341.0 |
       Dungeon |    341 |    341 |      0 |      0 |     14 |   1 |  341.0 |
               +--------+--------+--------+--------+--------+-----+--------+

Top non-repeatable levels by time:
     D:1: 341 daAuts
